 Dungeon Crawl Stone Soup version 0.29.1-15-g9cfb28693d (webtiles) character file.

Game seed: 1372155302446019996

19 Carnifexus the Sneak (level 2, 0/19 HPs)
             Began as a Vampire Enchanter on Mar 29, 2023.
             Slain by a kobold
             ... wielding a +0 dagger
              (4 damage)
             ... on level 1 of the Dungeon.
             The game lasted 00:01:14 (756 turns).

Carnifexus the Sneak (Vampire Enchanter)             Turns: 756, Time: 00:01:15

Health: 0/19       AC:  2    Str:  7    XL:     2   Next: 55%
Magic:  5/5        EV: 12    Int: 17    God:
Gold:   33         SH:  0    Dex: 14    Spells: 5/5 levels left

rFire   . . .      SeeInvis +   a - +1 dagger
rCold   . . .      Faith    .   (no shield)
rNeg    . . .      Spirit   .   b - +0 robe
rPois   .          Reflect  .   (no helmet)
rElec   .          Harm     .   (no cloak)
rCorr   .          Rampage  .   (no gloves)
Will    .....                   (no boots)
Stlth   +++.......              (no amulet)
HPRegen 0.26/turn               (no ring)
MPRegen 0.09/turn               (no ring)

@: healing quickly
A: alive, fangs 3, see invisible, vampiric 1
a: Exsanguinate


You were on level 1 of the Dungeon.
You visited 1 branch of the dungeon, and saw 1 of its levels.

You collected 33 gold pieces.

Inventory:

Hand Weapons
 a - a +1 dagger (weapon)
Armour
 b - a +0 robe (worn)
Jewellery
 f - a ring of magical power
 j - a ring of see invisible
Scrolls
 d - a scroll of fog {unknown}
 e - a scroll of amnesia {unknown}
 i - 2 scrolls of identify {unknown}
 k - a scroll of poison {unknown}
Potions
 c - 2 potions of invisibility
 g - a potion of might {unknown}
 h - a potion of degeneration {unknown}


   Skills:
 + Level 0.2 Fighting
 + Level 1.2 Short Blades
 + Level 2.4 Dodging
 + Level 4.8 Stealth
 + Level 2.2 Spellcasting
 + Level 4.8 Hexes


You had 5 spell levels left.
You didn't know any spells.
Your spell library contained the following spells:

 Spells                   Type           Power      Damage    Failure   Level
 Confusing Touch          Hex            18%        N/A       8%          3
 Tukima's Dance           Hex            18%        N/A       8%          3
 Ensorcelled Hibernation  Hex/Ice        20%        N/A       11%         2
 Dazzling Flash           Conj/Hex       20%        N/A       22%         3
 Ignite Poison            Fire/Tmut/Pois 1%         N/A       50%         3
 Mephitic Cloud           Conj/Pois/Air  1%         N/A       50%         3
 Freezing Cloud           Conj/Ice/Air   0%         6-21      99%         5


Dungeon Overview and Level Annotations

Branches:
Dungeon (1/15)

Altars:


Innate Abilities, Weirdness & Mutations

Your natural rate of healing is accelerated.
You have razor-sharp teeth.
You have supernaturally acute eyesight. (SInv)
You are afflicted with vampirism.


Message History

a +0 short sword; a kobold corpse 2 goblins, a kobold and an endoplasm come into view.
The kobold shouts!
A goblin comes into view. It is wielding a +0 club.
The goblin shouts! x2
The endoplasm barely misses you. The goblin closely misses you.
The endoplasm barely misses you.
The goblin shouts!
You hit the endoplasm.
The endoplasm is heavily wounded.
The goblin hits you with a +0 club. x2; The endoplasm barely misses you.
You hit the endoplasm.
You kill the endoplasm!
The goblin hits you with a +0 club. The goblin closely misses you.
A ball python comes into view.
You hit the goblin.
The goblin is severely wounded.
The goblin barely misses you. The goblin closely misses you.
You closely miss the goblin. Your bite misses the goblin.
The goblin is severely wounded.
The goblin barely misses you. The goblin hits you with a +0 club.
The kobold misses you.
You hit the goblin.
You kill the goblin!
The kobold hits you with a +0 dagger. The goblin barely misses you.
The goblin attacks as you move away! The goblin hits you but does no damage.
The goblin attacks as you move away! The goblin misses you.
The kobold attacks as you move away! The kobold misses you.
The kobold attacks as you move away! The kobold hits you with a +0 dagger.
* * * LOW HITPOINT WARNING * * *
The kobold attacks as you move away! The kobold hits you with a +0 dagger.
* * * LOW HITPOINT WARNING * * *
The kobold attacks as you move away! The kobold hits you with a +0 dagger.
* * * LOW HITPOINT WARNING * * *
The kobold attacks as you move away! The kobold misses you.
The kobold attacks as you move away! The kobold hits you with a +0 dagger.
* * * LOW HITPOINT WARNING * * *
The kobold attacks as you move away! The kobold barely misses you.
The kobold attacks as you move away! The kobold hits you with a +0 dagger.
You die...

....## #..........
....# #...#.####.
...## #...#.####.
..## #..........
.## #.###..###. ##
#.# #รท.###. ###
#.###...##. #.#
###########
#.##..#.##. ..#
#..S..gK@.#
#.##....##. ..#
#.#######.#
#.##.#>###.
.)#######.# #.#
#.......)..
....Sg....#######.#
####.#.###.
..########...)....#
#.#.# #[ ......#
#.#####..# #.#.# #.
..###.# #.#####..#
#.#.# #. .##
#.####.#......#
#.#.###. .
#......#.###.##
#.....#.


You could see a goblin, a ball python and a kobold.

Vanquished Creatures
  A dart slug (D:1)
  2 ball pythons (D:1)
  An endoplasm (D:1)
  4 goblins (D:1)
  A hobgoblin (D:1)
  2 kobolds (D:1)
  A quokka (D:1)
  2 bats (D:1)
  A frilled lizard (D:1)
  A rat (D:1)
16 creatures vanquished.

Notes
Turn   | Place    | Note
-------+----------+-------------------------------------------
     0 | D:1      | Carnifexus the Vampire Enchanter began the quest for the
                  | Orb.
     0 | D:1      | Reached XP level 1. HP: 13/13 MP: 3/3
   239 | D:1      | Reached XP level 2. HP: 13/19 MP: 5/5
   756 | D:1      | Slain by a kobold

Illustrated notes

Levels and vault maps discovered:
D:1:      dpeg_arrival_snail, layout_loops_ring, shapermc_ecumenical_altar_venn

Action                   || total
-------------------------++-------
Melee: Dagger            ||    59
       Bite              ||     4
 Stab: Sleeping          ||     3
Armor: Robe              ||    14
Dodge: Dodged            ||    38
